Map: Proxima Station LE

Players

NightEnD - Winner!

  • Race: Protoss Protoss
  • Spawn Location: 7:00

FightingFrog

  • Race: Protoss Protoss
  • Spawn Location: 1:00

Event: WCS Jonkoping 2017

VOD

Have the link to the VOD?

Description

Time

  • Played on: June 17, 2017, 6:47 a.m.
  • Length: 12:19

All games in this series

Show
View Real Time Build Order
Export as new Build Order

NightEnD Protoss - Winner!

Build Orders: Phoenix Opening 

Get SALT Encoding   

  12  0:02  Probe (Chrono Boost)  
  13  0:12  Probe (Chrono Boost)  
  14  0:18  Pylon  
  14  0:23  Probe (Chrono Boost)  
  15  0:37  Probe (Chrono Boost)  
  15  0:38  Gateway  
  16  0:45  Assimilator  
  16  0:47  Probe (Chrono Boost)  
  17  0:56  Assimilator  
  17  0:58  Probe (Chrono Boost)  
  18  1:08  Probe (Chrono Boost)  
  19  1:20  Probe (Chrono Boost)  
  19  1:25  Cybernetics Core  
  20  1:30  Probe (Chrono Boost)  
  21  1:32  Pylon  
  21  1:41  Probe (Chrono Boost)  
  22  1:52  Probe (Chrono Boost)  
  23  2:03  Mothership Core (Chrono Boost)  
  23  2:04  Warp Gate  
  23  2:08  Stalker (Chrono Boost)  
  27  2:23  Stargate  
  27  2:38  Nexus  
  27  2:46  Stalker (Chrono Boost)  
  29  2:53  Pylon  
  29  2:57  Probe  
  30  3:11  Phoenix (Chrono Boost)  
  32  3:24  Probe  
  33  3:33  Phoenix (Chrono Boost)  
  35  3:36  Probe  
  34  3:48  Probe  
  35  3:49  Probe  
  35  3:55  Phoenix (Chrono Boost)  
  38  3:59  Probe  
  38  4:00  Probe  
  40  4:08  Assimilator  
  40  4:10  Probe, Assimilator  
  40  4:12  Probe  
  40  4:17  Phoenix (Chrono Boost)  
  44  4:21  Probe  
  45  4:24  Probe  
  46  4:31  Probe  
  46  4:36  Probe, Stargate  
  50  4:38  Phoenix (Chrono Boost)  
  50  4:42  Probe  
  51  4:47  Pylon  
  51  4:48  Probe  
  51  4:52  Probe  
  52  4:54  Robotics Facility  
  53  5:00  Probe  
  53  5:03  Probe  
  53  5:06  Phoenix (Chrono Boost)  
  57  5:13  Probe, Pylon  
  58  5:17  Pylon  
  58  5:20  Phoenix (Chrono Boost)  
  60  5:23  Probe  
  61  5:32  Phoenix (Chrono Boost)  
  63  5:39  Probe x2  
  63  5:42  Observer  
  68  5:43  Phoenix (Chrono Boost)  
  68  5:46  Forge  
  68  5:51  Pylon  
  68  6:03  Void Ray (Chrono Boost)  
  72  6:05  Void Ray (Chrono Boost)  
  76  6:14  Immortal  
  80  6:19  Pylon  
  80  6:22  Pylon  
  80  6:32  Gateway x2  
  78  6:43  Void Ray (Chrono Boost)  
  78  6:46  Void Ray (Chrono Boost)  
  86  6:56  Immortal  
  90  7:10  Stalker  
  92  7:26  Void Ray (Chrono Boost), Nexus  
  92  7:27  Void Ray (Chrono Boost)  
  100  7:30  Sentry  
  100  7:33  Pylon  
  102  7:40  Pylon  
  102  7:47  Warp Prism  
  102  7:51  Probe x2  
  106  7:52  Protoss Ground Weapons Level 1 (Chrono Boost)  
  106  8:00  Sentry  
  106  8:01  Stalker x2  
  112  8:12  Probe x2  
  114  8:19  Twilight Council  
  114  8:22  Pylon  
  114  8:24  Probe x2  
  116  8:27  Pylon  
  114  8:37  Stalker x2  
  114  8:38  Stalker  
  120  8:41  Probe  
  120  8:43  Probe x2  
  123  8:52  Probe  
  123  8:55  Probe  
  125  9:03  Stalker  
  125  9:04  Stalker x2  
  131  9:10  Probe  
  131  9:12  Assimilator  
  131  9:13  Charge (Chrono Boost), Assimilator  
  131  9:16  Templar Archives  
  132  9:24  Probe  
  132  9:25  Probe  
  132  9:27  Adept x3  
  132  9:29  Protoss Ground Weapons Level 2  
  140  9:36  Gateway  
  140  9:39  Gateway  
  140  9:41  Gateway  
  140  9:44  Gateway  
  140  9:48  Observer  
  141  9:55  High Templar x2  
  141  9:56  Zealot  
  141  9:59  Gateway  
  147  10:02  Gateway  
  147  10:05  Gateway  
  147  10:25  High Templar  
  149  10:30  Pylon  
  149  10:32  Pylon  
  149  10:33  Pylon  
  149  10:34  Archon  
  149  10:37  Photon Cannon  
  149  10:50  High Templar x2  
  149  10:51  High Templar x4  
  149  10:52  Photon Cannon, Nexus  
  149  10:53  Pylon  
  161  10:57  Archon x2  
  161  10:59  High Templar  
  161  11:02  Archon  
  163  11:05  Archon  
  163  11:07  Pylon  
  163  11:09  Pylon  
  163  11:12  Zealot x3  
  163  11:13  Pylon  
  169  11:29  Zealot  
  163  11:45  Zealot  
  163  11:46  Zealot x8  
  145  12:08  Zealot x4  
  145  12:09  Zealot x6  
Show
View Real Time Build Order
Export as new Build Order

FightingFrog Protoss 

Build Orders: Phoenix Opening 

Get SALT Encoding   

  12  0:01  Probe (Chrono Boost)  
  13  0:11  Probe (Chrono Boost)  
  14  0:17  Pylon  
  14  0:22  Probe (Chrono Boost)  
  16  0:36  Probe (Chrono Boost)  
  16  0:43  Gateway  
  16  0:46  Probe (Chrono Boost)  
  16  0:47  Assimilator  
  17  0:57  Probe (Chrono Boost)  
  18  1:04  Assimilator  
  18  1:07  Probe (Chrono Boost)  
  19  1:18  Probe (Chrono Boost)  
  20  1:23  Gateway  
  20  1:28  Probe (Chrono Boost)  
  21  1:36  Pylon  
  21  1:39  Probe (Chrono Boost)  
  22  1:46  Cybernetics Core  
  22  1:49  Probe (Chrono Boost)  
  23  2:00  Probe (Chrono Boost)  
  24  2:15  Nexus  
  24  2:18  Probe (Chrono Boost)  
  25  2:25  Stalker  
  27  2:33  Mothership Core (Chrono Boost)  
  27  2:35  Sentry  
  31  2:45  Stargate  
  31  2:51  Warp Gate  
  31  3:15  Pylon  
  31  3:20  Robotics Facility  
  31  3:26  Probe (Chrono Boost)  
  32  3:29  Probe (Chrono Boost)  
  33  3:34  Phoenix (Chrono Boost)  
  33  3:37  Probe  
  33  3:38  Probe  
  37  3:46  Phoenix (Chrono Boost)  
  37  3:49  Probe x2  
  39  3:56  Phoenix (Chrono Boost)  
  39  3:58  Stalker  
  39  4:00  Probe (Chrono Boost)  
  39  4:01  Probe (Chrono Boost)  
  45  4:05  Pylon  
  45  4:07  Observer  
  46  4:12  Probe (Chrono Boost)  
  46  4:13  Probe (Chrono Boost)  
  46  4:16  Assimilator  
  48  4:18  Assimilator  
  48  4:21  Pylon  
  48  4:23  Probe (Chrono Boost)  
  49  4:26  Probe (Chrono Boost)  
  50  4:33  Probe (Chrono Boost)  
  50  4:36  Probe (Chrono Boost)  
  50  4:37  Phoenix (Chrono Boost)  
  54  4:44  Probe (Chrono Boost)  
  55  4:50  Stargate  
  55  4:52  Probe  
  56  4:54  Probe  
  57  5:04  Probe  
  57  5:05  Phoenix (Chrono Boost)  
  58  5:09  Probe  
  58  5:13  Twilight Council  
  59  5:14  Pylon  
  59  5:16  Probe  
  59  5:20  Probe  
  60  5:22  Forge  
  60  5:26  Phoenix (Chrono Boost)  
  63  5:28  Probe  
  63  5:29  Pylon  
  63  5:30  Probe  
  60  5:37  Stalker x2  
  60  5:40  Probe (Chrono Boost)  
  60  5:42  Probe (Chrono Boost)  
  66  5:50  Probe (Chrono Boost)  
  66  5:53  Blink (Chrono Boost)  
  66  5:54  Probe  
  67  5:57  Observer  
  67  6:00  Probe  
  69  6:06  Probe  
  69  6:11  Probe, Pylon  
  70  6:13  Protoss Shields Level 1 (Chrono Boost)  
  70  6:18  Probe  
  71  6:21  Probe  
  71  6:22  Forge  
  72  6:30  Probe  
  72  6:32  Probe  
  72  6:33  Stalker x2  
  74  6:42  Probe x2  
  74  6:44  Nexus  
  74  6:45  Observer  
  77  6:50  Templar Archives  
  77  6:54  Probe x2  
  77  6:57  Protoss Ground Weapons Level 1 (Chrono Boost)  
  79  7:06  Probe  
  80  7:09  Probe  
  80  7:10  Gateway  
  80  7:11  Gateway  
  80  7:12  Pylon, Gateway  
  80  7:13  Pylon, Phoenix  
  81  7:18  Probe  
  81  7:19  Stalker  
  81  7:22  Stalker  
  86  7:24  Probe  
  86  7:30  Probe  
  86  7:36  Gateway  
  87  7:38  Gateway  
  87  7:44  Gateway  
  87  7:45  Gateway  
  87  7:49  Probe  
  87  7:50  Probe  
  89  7:57  Stalker x2  
  93  8:02  Mothership Core  
  93  8:04  Probe  
  93  8:05  Probe  
  97  8:14  Probe  
  97  8:15  Stalker  
  97  8:16  Stalker, Phoenix  
  97  8:17  Stalker  
  97  8:18  Pylon  
  97  8:19  Pylon  
  104  8:22  Pylon  
  104  8:26  Pylon  
  102  8:34  Probe x2  
  102  8:37  Protoss Shields Level 2 (Chrono Boost)  
  102  8:39  Assimilator  
  102  8:40  Stalker, High Templar x2  
  110  8:41  Assimilator  
  110  8:44  Archon  
  110  8:48  Photon Cannon  
  110  8:51  Photon Cannon  
  110  8:53  Protoss Ground Weapons Level 2 (Chrono Boost)  
  106  9:03  Stalker  
  106  9:04  Stalker x2  
  111  9:26  Pylon  
  111  9:28  Pylon  
  111  9:29  Pylon  
  111  9:31  Pylon  
  111  9:33  Pylon  
  111  9:47  Fleet Beacon  
  111  9:49  High Templar x2  
  111  9:50  Stalker x2  
  111  9:51  Stalker  
  121  9:53  Archon  
  121  9:54  Stalker  
  119  10:29  Stalker x6  
  119  10:30  Stalker  
  133  10:48  Pylon  
  133  10:50  Pylon  
  133  10:52  Pylon  
  133  11:00  Stalker x4  
  141  11:09  Tempest  
  147  11:23  Nexus  
  147  11:25  Pylon  
  147  11:30  Pylon  
  123  11:49  Stalker x3  
  123  11:50  High Templar x2  
  133  11:55  Archon  
  117  12:04  Zealot x2  
  117  12:06  Probe  
Tags
 
Add a new tag
Caveats
  • Supply blocks, unpowered buildings, or Contaminate may cause inaccurate times.
  • Supply counts are checked every 10 seconds.